 Dungeon Crawl Stone Soup version 0.28-a0-461-g2dc4ca5097 (webtiles) character file.

Game seed: 12001307302308545488

206843 dolemite99 the Tortoise (level 18, -9/153 HPs)
             Began as a Minotaur Fighter on Sept 14, 2021.
             Was a Priest of Hepliaklqana.
             Shot with a bolt by a yaktaur (27 damage)
             ... led by a yaktaur captain
             ... on level 1 of the Vaults.
             The game lasted 01:26:08 (52064 turns).

dolemite99 the Tortoise (Minotaur Fighter)         Turns: 52064, Time: 01:26:09

Health: -9/153     AC: 26    Str: 27    XL:     18   Next: 8%
Magic:  0/24       EV:  8    Int:  4    God:    Hepliaklqana [***...]
Gold:   1236       SH:  0    Dex: 13    Spells: 17/17 levels left

rFire   + + .      SeeInvis +   b - +2 broad axe (flame)
rCold   + + .      Faith    .   (no shield)
rNeg    . . .      Spirit   +   c - +0 plate armour
rPois   +          Reflect  .   N - +2 hat
rElec   +          Harm     .   k - scarf {repulsion}
rCorr   +          Rampage  .   f - +1 pair of gloves
Will    ++...                   Y - +2 pair of boots
Stlth   ..........              G - amulet of guardian spirit
HPRegen 0.35/turn               z - ring "Gamoufa" {+Blink rElec rC+ Will+ Dex-2, =R}
MPRegen 0.19/turn               v - ring of Awe {rF+ Int-2 Dex+4 SInv Stlth+}

@: resistant, repel missiles
A: reduced essence, horns 2, retaliatory headbutt
}: 1/15 runes: gossamer
a: Renounce Religion, Evoke Blink, Recall Ancestor, Ancestor Identity,
Transference


You were on level 1 of the Vaults.
You worshipped Hepliaklqana.
Hepliaklqana was most pleased with you.
You visited 7 branches of the dungeon, and saw 31 of its levels.
You also visited: Ossuary.

You collected 3290 gold pieces.
You spent 2054 gold pieces at shops.

Inventory:

Hand Weapons
 a - a +2 broad axe of venom
 b - a +2 broad axe of flaming (weapon)
 e - a +2 vorpal hunting sling
 D - a +1 dire flail of draining
Missiles
 i - 727 stones
 j - 4 throwing nets
 l - 14 silver boomerangs
 m - 9 boomerangs
 B - 12 silver javelins
 E - 3 curare-tipped darts
 I - 7 boomerangs of dispersal
 K - 14 javelins (quivered)
 T - 214 sling bullets
Armour
 c - a +0 plate armour (worn)
 f - a +1 pair of gloves (worn)
 k - a scarf of repulsion (worn)
 N - a +2 hat (worn)
 Y - a +2 pair of boots (worn)
Jewellery
 h - the ring "Xuav" {rPois rN+ Int+3 Dex+4 Stlth-}
   (You found it on level 1 of the Spider Nest)

   [ring of positive energy]

   Int:       It affects your intelligence (+3).
   Dex:       It affects your dexterity (+4).
   rPois:     It protects you from poison.
   rN:        It protects you from negative energy.
   Stlth:     It makes you less stealthy.
 s - a ring of protection from fire
 v - the ring of Awe (right hand) {rF+ Int-2 Dex+4 SInv Stlth+}
   (You found it on level 13 of the Dungeon)

   [ring of see invisible]

   Int:       It affects your intelligence (-2).
   Dex:       It affects your dexterity (+4).
   rF:        It protects you from fire.
   SInv:      It lets you see invisible.
   Stlth:     It makes you more stealthy.
 z - the ring "Gamoufa" (left hand) {+Blink rElec rC+ Will+ Dex-2, =R}
   (You bought it in a shop on level 7 of the Dungeon)

   [ring of protection from cold]

   Dex:       It affects your dexterity (-2).
   rC:        It protects you from cold.
   rElec:     It insulates you from electricity.
   +Blink:    It lets you blink.
   Will:      It increases your willpower.
 G - an amulet of guardian spirit (around neck)
 O - a ring of protection from cold
 R - a ring of positive energy
Wands
 d - a wand of digging (3)
 H - a wand of polymorph (16)
 L - a wand of acid (8)
 U - a wand of mindburst (26)
 V - a wand of iceblast (3)
Scrolls
 n - 4 scrolls of vulnerability
 J - a scroll of holy word
 S - 15 scrolls of teleportation
 X - 13 scrolls of identify {@r1}
Potions
 g - 3 potions of invisibility
 o - 3 potions of brilliance
 p - 3 potions of attraction
 q - 6 potions of lignification
 r - 12 potions of curing
 u - 2 potions of resistance
 w - 2 potions of magic
 x - 17 potions of ambrosia
 y - 3 potions of berserk rage
 F - 4 potions of cancellation
 M - 5 potions of haste
 P - 5 potions of might
 Q - 2 potions of flight
Miscellaneous
 t - a box of beasts
 A - a condenser vane (inert)
 C - a box of beasts
 W - a phial of floods


   Skills:
 - Level 17.3 Fighting
 - Level 15.7(17.6) Axes
 - Level 14.0(16.7) Maces & Flails
 - Level 9.0(11.7) Slings
 - Level 11.4(12.3) Throwing
 - Level 17.7 Armour
 - Level 3.6 Shields
 - Level 10.1 Invocations
 + Level 7.2 Evocations


You had 17 spell levels left.
You didn't know any spells.
Your spell library contained the following spells:

 Spells                   Type           Power      Damage    Failure   Level
 Animate Skeleton         Necr           0%         N/A       97%         1
 Magic Dart               Conj           0%         1d3       97%         1
 Pain                     Necr           0%         1d4       97%         1
 Blink                    Tloc           N/A        N/A       99%         2
 Call Imp                 Summ           0%         N/A       99%         2
 Searing Ray              Conj           0%         2d4       99%         2
 Sublimation of Blood     Necr           0%         N/A       99%         2
 Wereblood                Tmut           0%         N/A       99%         2
 Dazzling Flash           Conj/Hex       0%         N/A       100%        3
 Gell's Gravitas          Tloc           0%         N/A       100%        3
 Lesser Beckoning         Tloc           0%         N/A       100%        3
 Mephitic Cloud           Conj/Pois/Air  0%         N/A       100%        3
 Teleport Other           Tloc           0%         N/A       100%        3
 Tukima's Dance           Hex            0%         N/A       100%        3
 Vampiric Draining        Necr           0%         2d6       100%        3
 Animate Dead             Necr           0%         N/A       100%        4
 Cause Fear               Hex            0%         N/A       100%        4
 Fulminant Prism          Conj/Hex       0%         3d6       100%        4
 Leda's Liquefaction      Hex/Erth       0%         N/A       100%        4
 Passage of Golubria      Tloc           N/A        N/A       100%        4
 Petrify                  Tmut/Erth      0%         N/A       100%        4
 Agony                    Necr           0%         N/A       100%        5
 Borgnjor's Vile Clutch   Necr/Erth      0%         N/A       100%        5
 Fireball                 Conj/Fire      0%         3d3       100%        5
 Lee's Rapid Deconstruct  Erth           0%         3d5*      100%        5
 Manifold Assault         Tloc           0%         N/A       100%        5
 Metabolic Englaciation   Hex/Ice        0%         N/A       100%        5
 Silence                  Hex/Air        0%         N/A       100%        5
 Yara's Violent Unravell  Hex/Tmut       0%         3d3       100%        5
 Conjure Ball Lightning   Conj/Air       0%         3x3d6     100%        6
 Death Channel            Necr           0%         N/A       100%        6
 Starburst                Conj/Fire      0%         6d3       100%        6
 Statue Form              Tmut/Erth      0%         N/A       100%        6
 Dragon Form              Tmut           0%         N/A       100%        7
 Storm Form               Tmut/Air       0%         N/A       100%        7
 Summon Hydra             Summ           0%         N/A       100%        7
 Borgnjor's Revivificati  Necr           0%         N/A       100%        8
 Discord                  Hex            0%         N/A       100%        8
 Disjunction              Tloc           0%         N/A       100%        8
 Ignition                 Fire           0%         3d3       100%        8
 Necromutation            Tmut/Necr      0%         N/A       100%        8
 Death's Door             Necr           0%         N/A       100%        9
 Dragon's Call            Summ           0%         N/A       100%        9


Dungeon Overview and Level Annotations

Branches:
Dungeon (15/15)            Temple (1/1) D:5            Lair (6/6) D:11
 Shoals (2/4) Lair:4       Spider (4/4) Lair:4        Slime (0/5) Lair:5
    Orc (2/2) D:12            Elf (0/3) Orc:2        Vaults (1/5) D:13
 Depths (0/5) D:15        Ossuary (visited)

Altars:
Ashenzari
Cheibriados
Dithmenos
Elyvilon
Fedhas
Gozag
Hepliaklqana
Kikubaaqudgha
Makhleb
Nemelex Xobeh
Okawaru
Qazlal
Ru
Sif Muna
Trog
Uskayaw
Vehumet
Wu Jian
Xom
Yredelemnul
Zin
The Shining One
Beogh
Jiyva

Shops:
D:7 :(!=*   D:9 (   Orc:1 (   Orc:2 !(!:   Shoals:1 (

Portals:
Pandemonium: Orc:2
Trove: D:14 (give 16 potions of curing)

Annotations:
D:3 exclusion: upstairs
D:7 2 transporters, robertstho's ghost, novice DjFE
D:14 2 runed translucent doors, ardl's ghost, journeyman OgEE
Shoals:1 3 runed translucent doors, Maimakterion's ghost, adept GrEE
Spider:2 exclusion: downstairs


Innate Abilities, Weirdness & Mutations

Your life essence is reduced to manifest your ancestor. (-10% HP)
You have a pair of horns on your head.
You reflexively headbutt those who attack you in melee.


Message History

Shatamurrim closely misses the ironbound beastmaster.
The yaktaur captain is engulfed in poison gas.
The yaktaur captain looks as sick as possible!
The yaktaur captain wields a +0 arbalest.
The yaktaur captain shoots a bolt.
The bolt hits you!!!
* * * LOW HITPOINT WARNING * * *
The ironbound thunderhulk is engulfed in poison gas.
The ironbound thunderhulk looks as sick as possible!
The ironbound thunderhulk closely misses Shatamurrim.
You feel better.
The ironbound convoker is engulfed in poison gas.
The ironbound convoker looks as sick as possible!
The ironbound beastmaster is engulfed in poison gas.
The ironbound beastmaster looks as sick as possible!
Shatamurrim blocks the ironbound beastmaster's attack.
The yaktaur is engulfed in poison gas.
The yaktaur looks as sick as possible!
The yaktaur shoots a bolt.
The bolt barely misses you.
Shatamurrim hits the ironbound beastmaster with a +0 broad axe of flaming!
Shatamurrim burns the ironbound beastmaster.
Shatamurrim hits the ironbound thunderhulk with a +0 broad axe of flaming.
Shatamurrim burns the ironbound thunderhulk.
Shatamurrim hits the ironbound convoker with a +0 broad axe of flaming.
Shatamurrim burns the ironbound convoker.
The ironbound thunderhulk is engulfed in poison gas.
The ironbound thunderhulk looks as sick as possible!
Shatamurrim blocks the ironbound thunderhulk's attack.
Okay, then.
You feel better.
The yaktaur captain is engulfed in poison gas.
The yaktaur captain looks as sick as possible!
The yaktaur captain shoots a bolt.
The bolt barely misses you.
The ironbound beastmaster looks as sick as possible!
Shatamurrim blocks the ironbound beastmaster's attack.
The ironbound convoker is engulfed in poison gas.
The ironbound convoker looks as sick as possible!
The ironbound convoker gestures at the ironbound thunderhulk while chanting.
The ironbound thunderhulk seems to grow stronger.
The yaktaur is engulfed in poison gas.
The yaktaur looks as sick as possible!
The yaktaur shoots a bolt.
The bolt hits you!!
You die...

#......# #......# #......#
#......# #......# #......#
#####+##########)##########'####
....................)......)....
................@...)...........
..............c.R§..############
..............cpOp§.#
..............§§○§§§#
...............§§§§§#
................§§§§#
....................#
....................#
.........########...#


You could see the friendly Shatamurrim the knight, an ironbound thunderhulk
(strong, extremely poisoned, ally target), a yaktaur captain (strong, extremely
poisoned), an ironbound beastmaster (extremely poisoned), an ironbound convoker
(extremely poisoned, catching breath) and a yaktaur (extremely poisoned).

Vanquished Creatures
  Arachne (Spider:4)
  2 ghost moths
  2 vault wardens (Vaults:1)
  Louise (Spider:4)
  2 emperor scorpions
  2 ironbound preservers (Vaults:1)
  2 entropy weavers (Spider:2)
  A spark wasp (Spider:3)
  A merfolk impaler (Shoals:2)
  A fire dragon (Lair:6)
  7 hydras
  The ghost of Zihiad the Changer, a journeyman DgTm (Lair:1)
  A vault guard (Vaults:1)
  2 boulder beetles
  An alligator (D:13)
  5 two-headed ogres
  2 centaur warriors
  A death knight (D:11)
  An alligator snapping turtle (Shoals:1)
  2 death yaks (Lair:4)
  2 orc high priests (Orc:2)
  An ironbound beastmaster (Vaults:1)
  A soul eater (Orc:2)
  3 skeletal warriors
  A sixfirhy (Orc:2)
  2 sea snakes
  5 deep trolls (Vaults:1)
  A torturous demonspawn (Orc:2)
  An infernal demonspawn (Orc:2)
  2 lindwurms (Lair:6)
  6 harpies (Shoals:2)
  3 ironbound convokers (Vaults:1)
  An orc knight (Orc:2)
  2 deep elf pyromancers (D:14)
  2 orc sorcerers (Orc:2)
  8 orb spiders
  17 wolf spiders
  2 manticores
  12 fauns
  2 cyclopes
  3 merfolk sirens
  2 vault sentinels (Vaults:1)
  15 elephants
  A gargoyle (D:12)
  Joseph (D:9)
  3 black mambas
  5 torpor snails
  7 cane toads
  A kobold demonologist (D:12)
  2 yaktaurs (Vaults:1)
  4 komodo dragons
  13 demonic crawlers
  A troll (shapeshifter) (D:14)
  A red devil (Orc:2)
  3 wind drakes
  3 trolls
  4 meliai
  6 polar bears
  16 jumping spiders
  11 merfolk
  3 tyrant leeches (Lair:6)
  8 hornets
  9 blink frogs
  9 dream sheep
  A raiju (Lair:6)
  10 slime creatures
  2 snapping turtles (Shoals:1)
  Sigmund (D:2)
  A centaur simulacrum (D:11)
  30 redbacks
  2 wraiths
  18 tarantellas
  A vampire (D:13)
  2 wyverns
  45 yaks
  A yak (shapeshifter) (D:14)
  A water elemental (Shoals:2)
  Eustachio (D:6)
  A basilisk (D:14)
  7 humans (D:13)
  5 vampire mosquitoes (D:14)
  3 steam dragons
  5 wargs
  10 hell hounds (Lair:6)
  3 acid dragons
  14 water moccasins
  An ice beast (D:6)
  14 orc warriors
  8 black bears
  2 necrophages (D:6)
  6 ogres
  3 centaurs
  30 wolves
  A kobold brigand (D:9)
  9 bullfrogs
  A gnoll sergeant (D:11)
  4 scorpions
  3 wyvern zombies
  5 water moccasin zombies (Ossuary)
  8 wights (D:8)
  8 killer bees (D:13)
  A howler monkey (D:12)
  6 centaur zombies
  4 bullfrog zombies
  5 jellies
  2 hounds
  A bullfrog skeleton (D:4)
  12 orc priests
  A gnoll shaman (D:4)
  A centaur skeleton (D:6)
  3 iron imps (D:7)
  Jessica (D:2)
  2 iguanas (D:5)
  11 mummies (Ossuary)
  A scorpion zombie (D:5)
  Natasha (thrice) (D:2)
  8 orc wizards
  10 hell rats
  4 killer bee zombies
  A howler monkey zombie (D:11)
  9 gnolls
  6 adders
  A river rat (D:13)
  A shadow imp (D:5)
  An ufetubus (D:4)
  4 worms
  3 dart slugs
  44 orcs
  7 bats
  10 endoplasms
  4 giant cockroaches
  9 goblins
  9 hobgoblins
  3 quokkas
  11 ball pythons
  9 frilled lizards
  25 kobolds
  13 rats
  A plant (Lair:6)
757 creatures vanquished.

Vanquished Creatures (collateral kills)
  Jorgrun (Spider:1)
  Frances (Spider:1)
  2 ghost moths (Spider:4)
  2 emperor scorpions (Spider:4)
  An entropy weaver (Spider:1)
  A merfolk javelineer (Shoals:1)
  Josephine (D:15)
  3 vault guards
  A two-headed ogre (D:12)
  A merfolk avatar (Shoals:1)
  2 hydras
  2 centaur warriors (D:13)
  A merfolk aquamancer (Shoals:2)
  2 death yaks (Lair:4)
  A satyr (Shoals:2)
  An alligator (D:13)
  An ironbound beastmaster (Vaults:1)
  4 orc high priests (Orc:2)
  2 skeletal warriors (D:12)
  3 sea snakes
  A sixfirhy (Orc:2)
  A torturous demonspawn (Orc:2)
  2 ironbound convokers (Vaults:1)
  2 deep trolls (Vaults:1)
  4 orc knights (Orc:2)
  5 harpies (Shoals:2)
  3 lindwurms (Vaults:1)
  3 orc sorcerers (Orc:2)
  5 wolf spiders
  10 orb spiders
  A deep elf pyromancer (D:13)
  An ugly thing (D:12)
  A manticore (Shoals:2)
  2 cyclopes
  5 fauns
  5 elephants
  4 merfolk sirens
  3 torpor snails
  2 vault sentinels (Vaults:1)
  4 cane toads
  2 unseen horrors
  2 komodo dragons
  3 yaktaurs (Vaults:1)
  5 trolls
  5 demonic crawlers
  An efreet (D:13)
  2 red devils (Orc:2)
  4 polar bears (Lair:6)
  12 jumping spiders
  3 merfolk
  A queen bee (D:13)
  A hornet (Lair:6)
  A tyrant leech (Lair:6)
  2 meliai (D:15)
  6 blink frogs
  3 slime creatures (D:13)
  4 dream sheep
  19 yaks
  22 redbacks
  10 tarantellas
  2 wraiths (D:15)
  A water elemental (Shoals:2)
  3 humans (D:13)
  A steam dragon (Lair:3)
  A basilisk (D:13)
  A chaos spawn (Orc:2)
  Menkaure (D:7)
  3 wargs
  3 water moccasins
  6 hell hounds (Lair:6)
  18 orc warriors
  An ice beast (D:7)
  6 black bears
  A necrophage (D:7)
  3 ogres
  20 wolves
  A centaur (D:11)
  A kobold brigand (D:7)
  A bullfrog (Lair:3)
  A water moccasin zombie (Ossuary)
  A wight (D:8)
  8 killer bees (D:13)
  3 howler monkeys (D:13)
  A bullfrog zombie (Ossuary)
  A centaur zombie (D:8)
  7 orc priests
  4 jellies
  3 iguanas (D:13)
  7 mummies (Ossuary)
  11 orc wizards
  7 hell rats
  A gnoll (D:7)
  3 river rats (D:13)
  A shadow imp (D:8)
  18 orcs
  2 endoplasms (D:13)
  A goblin (D:7)
  A kobold (D:7)
  A ball python (D:13)
  A frilled lizard (D:13)
362 creatures vanquished.

Vanquished Creatures (others)
  A satyr (Shoals:2)
  A sea snake (Shoals:2)
  3 fauns (Shoals:2)
  A merfolk (Shoals:2)
  A wind drake (Shoals:2)
  A redback (Spider:1)
  15 knights
  A howler monkey zombie (D:6)
  8 ancestors
  88 fungi
  140 plants
  6 withered plants (Ossuary)
266 creatures vanquished.

Grand Total: 1385 creatures vanquished

Notes
Turn   | Place    | Note
-------+----------+-------------------------------------------
     0 | D:1      | dolemite99 the Minotaur Fighter began the quest for the
                  | Orb.
     0 | D:1      | Reached XP level 1. HP: 19/19 MP: 0/0
   495 | D:1      | Reached XP level 2. HP: 16/26 MP: 1/1
  1140 | D:1      | Reached XP level 3. HP: 22/31 MP: 2/2
  1785 | D:2      | Noticed an ogre
  1792 | D:2      | Killed an ogre
  1793 | D:2      | Reached XP level 4. HP: 33/39 MP: 3/3
  1858 | D:2      | Reached XP level 5. HP: 45/45 MP: 4/4
  1867 | D:2      | Noticed Natasha
  1871 | D:2      | Killed Natasha
  1907 | D:2      | Noticed Jessica
  1913 | D:2      | Killed Jessica
  2246 | D:2      | Noticed Natasha
  2253 | D:2      | Killed Natasha
  2274 | D:2      | Found a faded altar of an unknown god.
  2319 | D:2      | Noticed Sigmund
  2873 | D:2      | Killed Sigmund
  2874 | D:2      | Reached XP level 6. HP: 20/51 MP: 5/5
  3452 | D:2      | Noticed Natasha
  3461 | D:2      | Killed Natasha
  4292 | D:4      | Reached XP level 7. HP: 57/57 MP: 6/6
  5044 | D:5      | Entered Level 5 of the Dungeon
  5086 | D:5      | Found a staircase to the Ecumenical Temple.
  5101 | Temple   | Entered the Ecumenical Temple
  5190 | Temple   | Became a worshipper of Hepliaklqana the Forgotten
  6148 | D:5      | Reached skill level 5 in Fighting
  6148 | D:5      | Reached skill level 5 in Armour
  6607 | D:5      | Reached XP level 8. HP: 66/69 MP: 7/7
  7332 | D:6      | Noticed Eustachio
  7343 | D:6      | Killed Eustachio
  7347 | D:6      | Reached * piety under Hepliaklqana
  8264 | D:6      | Reached skill level 10 in Maces & Flails
  8438 | D:6      | Reached XP level 9. HP: 57/72 MP: 6/8
  8885 | D:6      | Found a sparkling altar of Nemelex Xobeh.
  8887 | D:6      | Found a snail-covered altar of Cheibriados.
  8889 | D:6      | Found a broken altar of Ashenzari.
  8890 | D:6      | Found a glowing golden altar of the Shining One.
  8892 | D:6      | Found a basalt altar of Yredelemnul.
  9039 | D:7      | Found a flagged portal.
  9561 | D:7      | Reached skill level 1 in Evocations
  9626 | D:7      | Found Faxeumes's Book Boutique.
  9660 | D:7      | Found Raqe's Jewellery Boutique.
  9760 | D:7      | Found Mioz's Distillery.
  9777 | D:7      | Found Vuciga's General Store.
  9805 | D:7      | Bought a scroll of identify for 24 gold pieces
  9811 | D:7      | Bought a potion of haste for 120 gold pieces
  9811 | D:7      | Bought a scroll of magic mapping for 42 gold pieces
  9811 | D:7      | Bought a +0 hat for 48 gold pieces
  9904 | D:7      | Noticed a troll
  9913 | D:7      | Found a bloodstained altar of Trog.
  9920 | D:7      | Found a transporter.
  9924 | D:7      | Found a transporter.
  9938 | D:7      | Noticed a moth of wrath
  9941 | D:7      | Noticed robertstho's ghost (novice DjFE)
  9986 | D:7      | Noticed Menkaure
  9986 | D:7      | Noticed a two-headed ogre
 10178 | D:8      | Found a sand-covered staircase.
 10187 | Ossuary  | Entered an ossuary
 10944 | Ossuary  | Reached XP level 10. HP: 81/81 MP: 9/9
 11911 | D:8      | Reached ** piety under Hepliaklqana
 12105 | D:9      | Noticed Joseph
 12249 | D:9      | Killed Joseph
 12613 | D:9      | Found a shimmering altar of Xom.
 13028 | D:9      | Found a shimmering altar of Xom.
 13067 | D:9      | Found a shimmering altar of Xom.
 13073 | D:9      | Found a shimmering altar of Xom.
 13093 | D:9      | Found a shimmering altar of Xom.
 13096 | D:9      | Found a shimmering altar of Xom.
 13112 | D:9      | Remembered your ancestor Shatamurrim as a knight
 13433 | D:9      | Found Boeg's Weapon Emporium.
 13595 | D:10     | Entered Level 10 of the Dungeon
 13818 | D:10     | Reached *** piety under Hepliaklqana
 13880 | D:10     | Found a stormy altar of Qazlal.
 13985 | D:10     | Noticed a centaur warrior
 14620 | D:10     | Noticed a two-headed ogre
 14650 | D:10     | Killed a centaur warrior
 14655 | D:10     | Killed a two-headed ogre
 14656 | D:10     | Reached skill level 5 in Slings
 14656 | D:10     | Reached XP level 11. HP: 62/87 MP: 7/10
 15073 | D:11     | Noticed a death knight
 15094 | D:11     | Noticed a two-headed ogre
 15123 | D:11     | Killed a two-headed ogre
 15133 | D:11     | Noticed a seven-headed hydra
 15144 | D:11     | Killed a seven-headed hydra
 15198 | D:11     | Reached skill level 10 in Fighting
 15206 | D:11     | Found a staircase to the Lair.
 15317 | D:11     | Killed a death knight
 16375 | D:7      | Killed Menkaure
 16396 | D:7      | Killed a two-headed ogre
 16452 | D:7      | Bought 2 potions of invisibility for 160 gold pieces
 16452 | D:7      | Bought a potion of invisibility for 80 gold pieces
 16452 | D:7      | Bought a potion of curing for 30 gold pieces
 16600 | D:7      | Found a burning altar of Makhleb.
 16706 | D:7      | Found Vyigoa's Weapon Shoppe.
 16961 | D:12     | Noticed a two-headed ogre
 16970 | D:12     | Killed a two-headed ogre
 17136 | D:12     | Noticed a skeletal warrior
 17136 | D:12     | Noticed a skeletal warrior
 17136 | D:12     | Noticed a skeletal warrior
 17136 | D:12     | Noticed a skeletal warrior
 17171 | Lair:1   | Entered Level 1 of the Lair of Beasts
 17242 | Lair:1   | Found a runed translucent door.
 17247 | Lair:1   | Noticed Zihiad's ghost (journeyman DgTm)
 17271 | Lair:1   | Noticed a four-headed hydra
 17287 | Lair:1   | Killed a four-headed hydra
 17288 | Lair:1   | Reached XP level 12. HP: 89/101 MP: 11/11
 17654 | Lair:1   | Reached **** piety under Hepliaklqana
 17682 | Lair:1   | Noticed an eight-headed hydra
 17691 | Lair:1   | Killed an eight-headed hydra
 18172 | Lair:1   | Killed Zihiad's ghost
 18773 | Lair:2   | Reached skill level 10 in Armour
 18824 | Lair:2   | Noticed a four-headed hydra
 18830 | Lair:2   | Killed a four-headed hydra
 18956 | Lair:2   | Found a gate leading to a gauntlet.
 19172 | Lair:2   | Noticed a four-headed hydra
 19179 | Lair:2   | Killed a four-headed hydra
 19800 | Lair:3   | Noticed an eight-headed hydra
 19809 | Lair:3   | Killed an eight-headed hydra
 19810 | Lair:3   | Reached XP level 13. HP: 96/112 MP: 9/12
 20622 | Lair:3   | Reached ***** piety under Hepliaklqana
 20935 | Lair:4   | Found a hazy altar of Hepliaklqana.
 21090 | Lair:4   | Reached skill level 15 in Armour
 21361 | Lair:4   | Found a hole to the Spider Nest.
 21644 | Lair:4   | Found a staircase to the Shoals.
 22777 | Lair:5   | Found a staircase to the Slime Pits.
 22777 | Lair:5   | Found a viscous altar of Jiyva.
 23509 | Lair:6   | Entered Level 6 of the Lair of Beasts
 23846 | Lair:6   | Reached XP level 14. HP: 112/119 MP: 10/13
 23882 | Lair:6   | Reached skill level 15 in Fighting
 24642 | Lair:6   | Found a runed translucent door.
 25175 | Lair:6   | Reached skill level 1 in Invocations
 25928 | Lair:6   | Reached skill level 5 in Invocations
 26738 | Lair:6   | Identified the +10 spear "Deareosa" {vorpal, rC+ rN+
                  | Stlth+}
 27759 | D:12     | Found a staircase to the Orcish Mines.
 28953 | D:12     | Reached XP level 15. HP: 86/130 MP: 14/20
 29583 | Orc:1    | Entered Level 1 of the Orcish Mines
 29756 | Orc:1    | Found Ocset's Antique Weapon Shop.
 29862 | Orc:2    | Entered Level 2 of the Orcish Mines
 30069 | Orc:2    | Found a staircase to the Elven Halls.
 31212 | Orc:2    | Found Sibubill's Distillery.
 31217 | Orc:2    | Found Eddom's Distillery.
 31462 | Orc:2    | Bought a potion of berserk rage for 70 gold pieces
 33420 | Orc:2    | Reached skill level 10 in Invocations
 33423 | Orc:2    | Paralysed by an orc sorcerer for 3 turns
 33438 | Orc:2    | Paralysed by an orc sorcerer for 3 turns
 33726 | Orc:2    | Found Buacwu's Book Shoppe.
 33726 | Orc:2    | Found Dogiteki's Antique Weapon Emporium.
 33728 | Orc:2    | Found a one-way gate leading to the halls of Pandemonium.
 33823 | Orc:1    | Bought a runed broad axe for 182 gold pieces
 34040 | D:7      | Bought the ring "Gamoufa" {+Blink rElec rC+ Will+ Dex-2}
                  | for 758 gold pieces
 34040 | D:7      | Bought a ring of protection from fire for 400 gold pieces
 34404 | D:13     | Reached skill level 1 in Axes
 34667 | D:13     | Identified the ring of Awe {rF+ Int-2 Dex+4 SInv Stlth+}
 34804 | D:13     | Reached skill level 5 in Axes
 34907 | D:13     | Found a gate to the Vaults.
 34925 | D:13     | Found the +8 glaive of the Guard {elec, spectral, AC+5}
 36239 | D:13     | You fall into a shaft and drop 2 floors!
 36239 | D:15     | Entered Level 15 of the Dungeon
 36292 | D:15     | Noticed Josephine
 36301 | D:15     | Killed Josephine
 36854 | D:14     | Found a broken altar of Ashenzari.
 37055 | D:14     | Found a large runed translucent door.
 37055 | D:14     | Found a large runed translucent door.
 37067 | D:14     | Noticed ardl's ghost (journeyman OgEE)
 37394 | D:14     | Found a portal to a secret trove of treasure.
 38003 | Spider:1 | Entered Level 1 of the Spider Nest
 38009 | Spider:1 | Reached XP level 16. HP: 139/139 MP: 20/22
 38014 | Spider:1 | Reached skill level 10 in Axes
 38111 | Spider:1 | Noticed Frances
 38120 | Spider:1 | Killed Frances
 38461 | Spider:1 | Identified the ring "Xuav" {rPois rN+ Int+3 Dex+4 Stlth-}
 38547 | Spider:1 | Noticed Jorgrun
 38559 | Spider:1 | Killed Jorgrun
 38837 | Spider:1 | You fall into a shaft and drop 1 floor!
 41057 | Spider:3 | Reached skill level 1 in Throwing
 42517 | Spider:4 | Entered Level 4 of the Spider Nest
 42517 | Spider:4 | Noticed Arachne
 42530 | Spider:4 | Reached skill level 5 in Throwing
 42533 | Spider:4 | Killed Arachne
 43860 | Spider:3 | Reached XP level 17. HP: 58/144 MP: 1/23
 44845 | Spider:4 | Noticed Louise
 44872 | Spider:4 | Killed Louise
 46065 | Spider:4 | Got a gossamer rune of Zot
 46450 | D:7      | Bought a potion of invisibility for 80 gold pieces
 46450 | D:7      | Bought 2 potions of curing for 60 gold pieces
 46645 | Shoals:1 | Entered Level 1 of the Shoals
 46657 | Shoals:1 | Found Rimmumal's Weapon Shoppe.
 46755 | Shoals:1 | Reached skill level 15 in Axes
 47317 | Shoals:1 | Found a runed translucent gate.
 47617 | Shoals:1 | Reached skill level 10 in Throwing
 47780 | Shoals:1 | Found a runed translucent gate.
 47780 | Shoals:1 | Found a runed translucent gate.
 47781 | Shoals:1 | Noticed Maimakterion's ghost (adept GrEE)
 48068 | Shoals:1 | Identified the ring of Dogma {rN+ MP+9}
 50672 | Vaults:1 | Entered Level 1 of the Vaults
 51182 | Vaults:1 | Reached skill level 5 in Evocations
 52007 | Vaults:1 | Reached XP level 18. HP: 118/153 MP: 16/24
 52062 | Vaults:1 | HP: 1/153 [yaktaur captain/bolt (38)]
 52064 | Vaults:1 | Shot with a bolt by a yaktaur

Illustrated notes

Levels and vault maps discovered:
D:1:      elethiomel_arrival_maze, layout_basic, serial_rivers,
          chequers_serial_rivers_marsh, chequers_serial_rivers_room_b,
          chequers_serial_rivers_large_a, chequers_serial_rivers_micro_b,
          chequers_serial_rivers_room_a
D:2:      layout_loops_ring, shapermc_ecumenical_altar_notcrosses, uniq_natasha,
          uniq_sigmund, uniq_jessica
D:3:      layout_basic, lexackson_kobold_supper
D:4:      layout_loops_ring, hangedman_feature_mirror
D:5:      layout_cave_pools, minmay_temple_entry_drinking_statues, minmay_holes
D:6:      layout_cave_pods, minitemple, ebering_dispersal_statue_hall,
          uniq_eustachio
D:7:      layout_rooms, demons_altar, serial_shops, nicolae_shop_stone,
          nicolae_shop_stone, nicolae_lakefront_shop, nicolae_shop_crystal,
          nicolae_diamond_shop, gammafunk_ghost_wrathful_warriors,
          enter_bailey_5, uniq_menkaure
D:8:      layout_basic, enter_ossuary_1
D:9:      layout_loops_ring, xom_redecorated, serial_shops,
          nicolae_shop_waterfront, uniq_joseph
D:10:     layout_cross, mainiacjoe_overflow_brackets
D:11:     layout_loops_cross, due_lair_maze_entry_diamond, lemuel_old_faithful
D:12:     layout_roguey, orc_0_dummy, kennysheep_generic_room_4
D:13:     layout_loops_ring, ximxim_vaults_locker_room, special_room
          [special_room_bee], hangedman_parallel_progression
D:14:     layout_roguey, lemuel_round_altar, ebering_ghost_disaster_area,
          enter_trove_0
D:15:     grunt_enter_depths_magical_seal, layout_layer_cave,
          corexii_leaking_fountain, grunt_ministairs_10,
          hangedman_cracks_in_the_wall, uniq_josephine
Temple:   nicolae_temple_great_sept
Lair:1:   layout_chaotic_city, hellmonk_ghost_happy_afterlife
Lair:2:   layout_chaotic_city, gauntlet_entry_generic, lemuel_fruit_tree
Lair:3:   layout_cave_pods, lemuel_fruit_fields
Lair:4:   layout_regular_city, elwin_shoals_entry_stream,
          spider_nest_entry_webs, basic_altar, infiniplex_staircase_pool
Lair:5:   layout_cave_pods, slime_altar_1
Lair:6:   hangedman_lair_caniforms_friends, layout_loops_ring, wormcave,
          serial_bayou_pond_e
Shoals:1: layout_shoals, serial_shops,
          nicolae_shop_temple_entry_statues_fountains,
          gammafunk_ghost_tricky_traps
Shoals:2: layout_shoals, serial_shops, bzr_firewalk, nzn_prometheus_bound
Spider:1: layout_chambers, hangedman_spider_tarantella_strand, uniq_frances,
          uniq_jorgrun
Spider:2: layout_spider_delve
Spider:3: layout_spider_delve, nicolae_spider_cling_ruins,
          nicolae_spider_cling_halls
Spider:4: grunt_spider_rune_island, uniq_arachne, uniq_louise
Orc:1:    layout_caves, basic_altar, serial_shops,
          nicolae_shop_overgrown_old_shop
Orc:2:    pf_orc_diabolical, layout_caves, basic_altar, nicolae_orc_tapped_out
Vaults:1: vaults_dpeg_hooks, dpeg_vaults_monster_box, v_rooms_4,
          hangedman_vaults_stretched_pinwheel, v_misc_15,
          nicolae_vaults_network_quinsquares
          [nicolae_vaults_network_quincunx_subvault,
          nicolae_vaults_network_quincunx_subvault,
          nicolae_vaults_network_quincunx_subvault,
          nicolae_vaults_network_quincunx_subvault], vaults_room_grid,
          grunt_vaults_trifunnel, vaults_mumra_hex, grunt_vaults_funnel,
          nicolae_vaults_little_squares_2, nicolae_vaults_little_squares_6,
          layout_vaults_big_room

Skill      XL: |  1  2  3  4  5  6  7  8  9 10 11 12 13 14 15 16 17 18 |
---------------+-------------------------------------------------------+-----
Maces & Flails | 3 4 6 8 9 10 12 13 14 | 14.0
Fighting       | 5 7 8 9 12 14 16 17 | 17.3
Armour         | 5 7 8 9 13 17 | 17.7
Evocations     | 3 6 7 |  7.2
Slings         | 5 9 |  9.0
Invocations    | 8 10 | 10.1
Axes           | 9 14 15 | 15.7
Throwing       | 7 11 | 11.4
Shields        | |  3.6

Action                   |  1- 3 |  4- 6 |  7- 9 | 10-12 | 13-15 | 16-18 || total
-------------------------+-------+-------+-------+-------+-------+-------++-------
Melee: Flail             |    72 |   118 |   318 |    23 |       |       ||   531
       Headbutt          |    12 |    18 |    56 |    41 |   104 |   135 ||   366
       Dire flail        |       |       |       |   197 |   463 |    56 ||   716
       Hunting sling     |       |       |       |     4 |       |       ||     4
       Broad axe         |       |       |       |       |     2 |   445 ||   447
 Fire: Hunting sling     |       |       |       |   331 |  1472 |       ||  1803
Throw: Stone             |     2 |    26 |    32 |     2 |    56 |    85 ||   203
       Dart              |       |       |    19 |       |       |    70 ||    89
       Javelin           |       |       |       |       |       |    51 ||    51
Invok: Recall Ancestor   |       |       |       |     3 |     5 |    10 ||    18
       Ancestor Life: Kn |       |       |       |     1 |       |       ||     1
       Idealise          |       |       |       |       |     6 |    16 ||    22
Evoke: Wand              |       |       |     3 |     8 |    20 |    20 ||    51
       Box of beasts     |       |       |       |       |     3 |     4 ||     7
       Phial of floods   |       |       |       |       |       |     3 ||     3
       Condenser vane    |       |       |       |       |       |     2 ||     2
  Use: Potion            |     1 |       |     2 |     4 |       |    21 ||    28
       Scroll            |       |       |     8 |    18 |    10 |     7 ||    43
 Stab: Distracted        |       |       |       |     2 |     2 |     6 ||    10
Armor: Scale mail        |    34 |    49 |   100 |    29 |       |       ||   212
       Chain mail        |       |       |       |   175 |    67 |       ||   242
       Skin              |       |       |       |    22 |       |       ||    22
       Plate armour      |       |       |       |       |   392 |   730 ||  1122
Dodge: Dodged            |    26 |    44 |    98 |   122 |   252 |   300 ||   842
       Repelled          |       |       |       |       |       |     2 ||     2
Block: Buckler           |    13 |    20 |    57 |     2 |       |       ||    92

Table legend: (Time is in decaauts)
 A = Elapsed time spent in this place.
 B = Non-inter-level travel time spent in this place.
 C = Inter-level travel time spent in this place.
 D = Time resting spent in this place.
 E = Time spent auto-exploring this place.
 F = Levels seen in this place.
 G = Mean time per level.
                   A        B        C        D        E       F      G
               +--------+--------+--------+--------+--------+-----+--------+
         Total |  51383 |  48763 |   2620 |  19087 |  19341 |  32 | 1605.7 |
       Dungeon |  22273 |  20841 |   1432 |   8047 |   8614 |  15 | 1484.9 |
        Temple |     97 |     90 |      7 |      0 |     50 |   1 |   97.0 |
          Lair |  10423 |   9689 |    734 |   1885 |   5462 |   6 | 1737.2 |
        Shoals |   3781 |   3671 |    110 |   1557 |   1124 |   2 | 1890.5 |
   Spider Nest |   8165 |   7998 |    167 |   3954 |   2688 |   4 | 2041.2 |
  Orcish Mines |   4176 |   4008 |    168 |   2093 |   1025 |   2 | 2088.0 |
        Vaults |   1370 |   1370 |      0 |    897 |    269 |   1 | 1370.0 |
       Ossuary |   1095 |   1095 |      0 |    650 |    107 |   1 | 1095.0 |
               +--------+--------+--------+--------+--------+-----+--------+

Top non-repeatable levels by time:
  Lair:6: 3415 daAuts
   Orc:2: 3107 daAuts
     D:6: 2705 daAuts
Spider:3: 2532 daAuts
Shoals:1: 2294 daAuts
    D:11: 2294 daAuts
     D:9: 2256 daAuts
    D:13: 2112 daAuts
Spider:4: 2032 daAuts
Spider:2: 2030 daAuts
    D:12: 1822 daAuts
     D:2: 1709 daAuts
     D:1: 1641 daAuts
  Lair:5: 1629 daAuts
Spider:1: 1570 daAuts
